 Dungeon Crawl Stone Soup version 0.31-a0-193-gdfe2569204 (webtiles) character file.

Game seed: 5753513168044916434

57 qw the Shooter (level 3, -6/20 HPs)
             Began as a Deep Elf Hunter on June 24, 2023.
             Killed from afar by Sigmund (10 damage)
             ... with a magic dart
             ... on level 3 of the Dungeon.
             The game lasted 00:00:31 (1562 turns).

qw the Shooter (Deep Elf Hunter)                    Turns: 1562, Time: 00:00:32

Health: -6/20      AC:  6    Str: 10    XL:     3   Next: 73%
Magic:  5/5        EV: 20    Int: 13    God:
Gold:   79         SH:  0    Dex: 18    Spells: 2/2 levels left

rFire   + + .        Y - melded +1 shortbow
rCold   + + .        (shield currently unavailable)
rNeg    + + +        f - melded +0 ring mail
rPois   inf          h - melded +0 helmet
rElec   +            (cloak currently unavailable)
rCorr   +            g - melded +0 pair of gloves
SInv    .            (boots currently unavailable)
Will    .....        (amulet currently unavailable)
Stlth   +            (ring currently unavailable)
HPRegen 0.23/turn    (ring currently unavailable)
MPRegen 0.09/turn

%: no passive effects
@: confused, wisp-form (expiring), flying
A: insubstantial, flying, no casting, tiny
a: no special abilities


You were on level 3 of the Dungeon.
You were an insubstantial wisp.
You visited 1 branch of the dungeon, and saw 3 of its levels.

You collected 79 gold pieces.


   Skills:
 - Level 1.5 Fighting
 + Level 7.2 Ranged Weapons
 - Level 2.4 Dodging
 - Level 1.2 Stealth


You had 2 spell levels left.
You didn't know any spells.
Your spell library was empty.

Inventory:

Hand Weapons
 Y - a +1 shortbow (melded)
Armour
 f - a +0 ring mail (melded)
 g - a +0 pair of gloves (melded)
 h - a +0 helmet (melded)
Scrolls
 b - a scroll of identify
Potions
 c - a potion of heal wounds {unknown}
 e - a potion of cancellation
 i - 3 potions of curing
 j - a potion of might {unknown}
 k - a potion of attraction {unknown}

Dungeon Overview and Level Annotations

Branches:
Dungeon (3/15)

Altars:
Yredelemnul

Shops:
D:2 [

Annotations:
D:3 Sigmund


Message History

Sigmund the Dreaded comes into view.
He is wielding a +0 scythe and carrying a wand of polymorph (12).
Sigmund shouts!
Sigmund mumbles some strange words.
Sigmund flickers and vanishes!
Deactivating autopickup; reactivate with Ctrl-A.
You shoot an arrow. You shoot an arrow. You shoot an arrow. You shoot an arrow.
You shoot an arrow.
You hear a zap.
You turn into an insubstantial wisp.
Your +1 shortbow melds into your body.
Your +0 helmet melds into your body.
Your +0 pair of gloves melds into your body.
Your +0 ring mail melds into your body.
There is a strange disturbance nearby!
Something hits you.
1550 ||| Stepping randomly (disturbance).
1551 ||| Stepping randomly (disturbance).
1552 ||| Stepping randomly (disturbance).
1553 ||| Stepping randomly (disturbance).
Something misses you.
You start resting.
HP restored.
Something hits you!
You start resting.
Something closely misses you.
Your transformation is almost over.
You hear some strange, mumbled words.
You are confused.
You start resting.
Something closely misses you. Something hits you!
You start resting.
You hear some strange, mumbled words.
You are more confused.
You start resting.
A magic dart appears from out of thin air!
The magic dart hits you!
Ouch! That really hurt!
You die...

#.# #.########### ..#
#.##......... #.#
#.##.####.... #.# #.#.#.##
.# # # #.# #..###.##.#
####.##.###.## ##.#.#
......<.##.## ##..#
####.#...##.## ##.#######.
.............###v.{.$.....
#####...>##.#77.####.##.#.
#.#.###...777 7 #.###
###... #.


77P7 #. .7 . There were no monsters in sight!

Vanquished Creatures
  3 adders (D:2)
  2 ball pythons
  A bat (D:1)
  2 endoplasms
  2 giant cockroaches
  2 goblins
  4 hobgoblins
  A quokka (D:2)
  4 frilled lizards
  4 kobolds
  5 rats
30 creatures vanquished.

Notes
Turn   | Place    | Note
-------+----------+-------------------------------------------
     0 | D:1      | qw the Deep Elf Hunter began the quest for the Orb.
     0 | D:1      | Reached XP level 1. HP: 12/12 MP: 3/3
     0 | D:1      | 0 ||| qw: Version: 0.3-a-9-g12657ce
     0 | D:1      | 0 ||| qw: Game counter: 4699
     0 | D:1      | 0 ||| qw: Always use a shield: true
     0 | D:1      | 0 ||| qw: God list: Okawaru
     0 | D:1      | 0 ||| qw: Allow faded altars: false
     0 | D:1      | 0 ||| qw: Do Orc after D:15 true
     0 | D:1      | 0 ||| qw: Do second Lair branch before Depths: true
     0 | D:1      | 0 ||| qw: Lair rune preference: random
     0 | D:1      | 0 ||| qw: Plans: Normal
     0 | D:1      | 0 ||| PLANNING D:1-11
   226 | D:1      | Reached XP level 2. HP: 16/16 MP: 4/4
   260 | D:1      | Reached skill level 6 in Ranged Weapons
   577 | D:1      | 577 ||| UPGRADING to +0 ring mail.
   587 | D:1      | 587 ||| DROPPING +0 leather armour.
   588 | D:1      | 588 ||| UPGRADING to +0 helmet.
   593 | D:1      | 593 ||| READING scroll labelled ZAODGH YTOTTO.
   594 | D:1      | 594 ||| READING scroll labelled OMMAMPU OT USHI.
   595 | D:1      | 595 ||| READING scroll labelled JOETYONOYF.
   596 | D:1      | 596 ||| READING scroll labelled RYOMMY SIWI.
   600 | D:1      | 600 ||| DRINKING 2 murky dark potions.
   601 | D:1      | 601 ||| DRINKING 2 amethyst potions.
   602 | D:1      | 602 ||| DROPPING scroll of butterflies.
   724 | D:2      | Found a basalt altar of Yredelemnul.
   804 | D:2      | Found Urifoe's Armour Boutique.
   812 | D:2      | 812 ||| SHOPLISTING +5 helmet of Huer {rElec rF++ rC-} (648
                  | gold, have 25).
  1214 | D:2      | Reached XP level 3. HP: 20/20 MP: 5/5
  1229 | D:2      | Reached skill level 7 in Ranged Weapons
  1482 | D:2      | 1482 ||| UPGRADING to +0 pair of gloves.
  1487 | D:2      | 1487 ||| READING scroll labelled FITOIM IVYVO.
  1488 | D:2      | 1488 ||| READING 2 scrolls labelled ERYLOA GYVI.
  1489 | D:2      | 1489 ||| READING scroll labelled TEUDOM WAORIR.
  1543 | D:3      | Noticed Sigmund
  1550 | D:3      | 1550 ||| Stepping randomly (disturbance).
  1551 | D:3      | 1551 ||| Stepping randomly (disturbance).
  1552 | D:3      | 1552 ||| Stepping randomly (disturbance).
  1553 | D:3      | 1553 ||| Stepping randomly (disturbance).
  1560 | D:3      | HP: 4/20 [something (9)]
  1562 | D:3      | Killed from afar by Sigmund

Levels and vault maps discovered:
D:1:      wander_arrival_fairy_ring, layout_basic, serial_curves,
          eino_curves_02, eino_curves_01, kennysheep_decorative_pillar
D:2:      layout_basic, serial_shops, shop, basic_altar
D:3:      layout_loops_ring, serial_forest, infiniplex_forest_lined_3_way,
          infiniplex_forest_corner_2, infiniplex_forest_clump_double,
          infiniplex_forest_join, infiniplex_forest_corner_1,
          infiniplex_forest_lined_3, infiniplex_forest_join,
          infiniplex_forest_lined_room_2, hellmonk_ecumenical_altar_arch_garden,
          uniq_jessica, uniq_sigmund

Skill      XL: |  1  2  3 |
---------------+----------+-----
Ranged Weapons | 6 7 |  7.2
Fighting       | |  1.5
Dodging        | |  2.4
Stealth        | |  1.2

Action                     || total
---------------------------++-------
   Fire: Shortbow          ||    92
    Use: Scroll            ||     7
         Potion            ||     2
 Armour: Leather armour    ||     4
         Ring mail         ||     9
  Dodge: Dodged            ||    22

Table legend:
 A = Non-vault XP
 B = Vault XP
 C = Vault XP percentage of total XP
 D = Non-vault monster count
 E = Vault monster count
 F = Vault count percentage of total count
                 A         B        C        D         E       F
            +---------+---------+-------+---------+---------+-------
      Total |      82 |       0 |   0.0 |      30 |       0 |   0.0
            +---------+---------+-------+---------+---------+-------
        D:1 |      18 |       0 |   0.0 |      11 |       0 |   0.0
        D:2 |      64 |       0 |   0.0 |      19 |       0 |   0.0
            +---------+---------+-------+---------+---------+-------
